[ PARTIDA AOE2 · #477857661 ]
UnrankedBritanos vs Teutons
[ ANÁLISIS DE REPETICIÓN · EXTRAÍDO DE LA PARTIDA GRABADA ]
Feudal
11:45
Castillos
17:07
Imperial
—
| APM promedio | 18.6 |
| APM pico | 64 |
| eAPM promedio | 9.2 |
| Aldeanos / militares | 106 / 292 |
Foco
⚔️ 31.0% · 🌾 69.0%
Archer ×167 · Spearman ×69 · Skirmisher ×55 · Longbowman ×1
Feudal
9:55
Castillos
16:36
Imperial
43:52
| APM promedio | 38.8 |
| APM pico | 82 |
| eAPM promedio | 22.5 |
| Aldeanos / militares | 147 / 315 |
Foco
⚔️ 29.9% · 🌾 70.1%
Spearman ×183 · Knight ×124 · Monk ×2 · Battering Ram ×2 · Trebuchet (Packed) ×2 · Militia ×1
Feudal
11:04
Castillos
14:47
Imperial
28:18
| APM promedio | 32.8 |
| APM pico | 86 |
| eAPM promedio | 15.4 |
| Aldeanos / militares | 142 / 217 |
Foco
⚔️ 36.3% · 🌾 63.7%
Rattan Archer ×109 · Fire Lancer ×80 · Trebuchet (Packed) ×27 · Trade Cart ×8 · Mangonel ×1
Feudal
10:57
Castillos
19:25
Imperial
35:58
| APM promedio | 36.3 |
| APM pico | 104 |
| eAPM promedio | 18.3 |
| Aldeanos / militares | 192 / 262 |
Foco
⚔️ 23.7% · 🌾 76.3%
Knight ×162 · Scout Cavalry ×57 · Spearman ×40 · Monk ×2 · Trebuchet (Packed) ×1
Feudal
9:33
Castillos
20:51
Imperial
38:52
| APM promedio | 47.0 |
| APM pico | 108 |
| eAPM promedio | 28.3 |
| Aldeanos / militares | 247 / 396 |
Foco
⚔️ 52.1% · 🌾 47.9%
Knight ×389 · Battering Ram ×7 · Trade Cart ×3
Feudal
11:25
Castillos
15:30
Imperial
54:17
| APM promedio | 40.8 |
| APM pico | 93 |
| eAPM promedio | 24.6 |
| Aldeanos / militares | 266 / 63 |
Foco
⚔️ 16.3% · 🌾 83.7%
Plumed Archer ×53 · Trebuchet (Packed) ×10
Mapa de la partida
Recursos iniciales + cada clic de construcción. Líneas = muros · curvas = relieve. ◆ oro · ⬟ piedra · ● bayas · ✦ reliquia · ◌ hueco del cierre
Tu base· ✓ Cerrada en 17:07 · 55t muro · 2 puerta(s)
Base de Pichichi_DS· ✓ Cerrada en 16:36 · 26t muro · 2 puerta(s)
Base de BDD || Q· ✓ Cerrada en 14:47 · 24t muro · 2 puerta(s)
Base de KnightMagno· ✓ Cerrada en 19:25 · 0t muro · 3 puerta(s)
Base de BDD || J· ✓ Cerrada en 20:51 · 23t muro · 4 puerta(s)
Base de Maximo· ✓ Cerrada en 15:30 · 36t muro · 2 puerta(s) · frágil
Terreno inicial suavizado · ◌ = hueco del cierre detectado · pasá el cursor para detalles
Inputs por minuto
— BDD || MV - - Pichichi_DS
Build order — BDD || MV
Primeras 150 de 328 acciones detectadas
| 0:01 | Crear | Villager (Male) |
| 0:01 | Crear | Villager (Male) |
| 0:02 | Crear | Villager (Male) |
| 0:02 | Crear | Villager (Male) |
| 0:02 | Crear | Villager (Male) |
| 0:03 | Construir | House |
| 0:05 | Construir | House |
| 1:28 | Crear | Villager (Male) |
| 1:33 | Construir | Lumber Camp |
| 1:47 | Crear | Villager (Male) |
| 2:10 | Crear | Villager (Male) |
| 2:39 | Crear | Villager (Male) |
| 2:59 | Crear | Villager (Male) |
| 3:39 | Crear | Villager (Male) |
| 3:59 | Construir | House |
| 4:00 | Construir | House |
| 4:03 | Crear | Villager (Male) |
| 4:13 | Construir | Mill |
| 4:41 | Construir | Palisade Wall |
| 4:52 | Crear | Villager (Male) |
| 4:52 | Crear | Villager (Male) |
| 4:53 | Crear | Villager (Male) |
| 4:53 | Crear | Villager (Male) |
| 5:42 | Crear | Villager (Male) |
| 5:45 | Crear | Villager (Male) |
| 6:19 | Crear | Villager (Male) |
| 6:19 | Crear | Villager (Male) |
| 6:19 | Crear | Villager (Male) |
| 6:59 | Crear | Villager (Male) |
| 7:06 | Construir | Mill |
| 7:54 | Crear | Villager (Male) |
| 8:00 | Construir | Palisade Wall |
| 8:05 | Crear | Villager (Male) |
| 8:23 | Construir | Mining Camp |
| 8:32 | Construir | Farm |
| 9:05 | Crear | Villager (Male) |
| 9:34 | Investigar | Feudal Age |
| 10:01 | Construir | Mining Camp |
| 10:19 | Construir | Palisade Wall |
| 10:19 | Construir | Palisade Wall |
| 10:56 | Construir | House |
| 11:13 | Construir | Palisade Wall |
| 11:19 | Construir | Palisade Wall |
| 11:36 | Crear | Villager (Male) |
| 11:36 | Crear | Villager (Male) |
| 11:45 | Edad | Edad Feudal |
| 12:15 | Construir | Farm |
| 13:02 | Construir | Farm |
| 13:10 | Construir | Blacksmith |
| 13:22 | Crear | Villager (Male) |
| 13:50 | Construir | Market |
| 14:01 | Crear | Villager (Male) |
| 14:27 | Investigar | Castle Age |
| 14:27 | Investigar | Castle Age |
| 15:09 | Investigar | Loom |
| 15:14 | Construir | House |
| 15:17 | Construir | House |
| 16:18 | Construir | Farm |
| 16:20 | Construir | Farm |
| 16:21 | Construir | Farm |
| 16:35 | Construir | Farm |
| 17:07 | Edad | Edad de los Castillos |
| 17:52 | Construir | Castle |
| 17:59 | Crear | Villager (Male) |
| 18:00 | Crear | Villager (Male) |
| 18:00 | Crear | Villager (Male) |
| 18:24 | Crear | Villager (Male) |
| 18:40 | Crear | Villager (Male) |
| 19:27 | Construir | Barracks |
| 19:36 | Crear | Villager (Male) |
| 19:54 | Construir | Barracks |
| 20:01 | Crear | Longbowman |
| 20:09 | Construir | Barracks |
| 20:12 | Construir | Barracks |
| 20:19 | Crear | Villager (Male) |
| 20:27 | Crear | Villager (Male) |
| 20:47 | Investigar | Pikeman (upgrade) |
| 21:04 | Crear | Spearman ×5 |
| 21:26 | Crear | Spearman |
| 21:26 | Crear | Spearman |
| 21:41 | Construir | House |
| 22:21 | Construir | Palisade Wall |
| 23:37 | Construir | Farm |
| 24:24 | Crear | Villager (Male) |
| 24:24 | Crear | Villager (Male) |
| 24:25 | Crear | Villager (Male) |
| 24:25 | Crear | Villager (Male) |
| 25:12 | Crear | Spearman |
| 25:12 | Crear | Spearman |
| 25:12 | Crear | Spearman |
| 25:13 | Crear | Spearman |
| 25:13 | Crear | Spearman |
| 25:13 | Crear | Spearman |
| 25:13 | Crear | Spearman |
| 25:26 | Construir | Stone Wall |
| 25:48 | Crear | Villager (Male) |
| 25:56 | Construir | Lumber Camp |
| 26:07 | Construir | Farm |
| 26:09 | Construir | Farm |
| 26:10 | Construir | Farm |
| 26:15 | Construir | Farm |
| 26:29 | Construir | Stone Wall |
| 26:35 | Crear | Villager (Male) |
| 26:35 | Crear | Villager (Male) |
| 26:36 | Crear | Villager (Male) |
| 26:36 | Crear | Villager (Male) |
| 26:43 | Crear | Villager (Male) |
| 26:43 | Crear | Villager (Male) |
| 26:43 | Crear | Villager (Male) |
| 27:54 | Crear | Villager (Male) |
| 28:02 | Crear | Villager (Male) |
| 28:13 | Investigar | Double-Bit Axe |
| 28:23 | Crear | Villager (Male) |
| 29:20 | Construir | Stone Wall |
| 29:26 | Construir | Farm |
| 29:29 | Construir | Farm |
| 29:52 | Crear | Spearman ×5 |
| 29:52 | Crear | Spearman ×5 |
| 29:52 | Crear | Spearman ×2 |
| 31:15 | Crear | Spearman ×5 |
| 31:15 | Crear | Spearman ×5 |
| 31:15 | Crear | Spearman ×5 |
| 31:42 | Investigar | Scale Mail Armor |
| 31:42 | Investigar | Scale Mail Armor |
| 31:42 | Investigar | Scale Mail Armor |
| 32:02 | Crear | Spearman ×2 |
| 32:39 | Investigar | Chain Mail Armor |
| 32:43 | Construir | House |
| 32:44 | Construir | House |
| 32:46 | Construir | House |
| 33:14 | Investigar | Squires |
| 33:22 | Investigar | Bow Saw |
| 33:23 | Investigar | Horse Collar |
| 34:00 | Construir | House |
| 34:04 | Construir | House |
| 34:53 | Crear | Spearman ×5 |
| 34:54 | Crear | Spearman ×5 |
| 34:54 | Crear | Spearman ×5 |
| 34:54 | Crear | Spearman ×5 |
| 35:07 | Construir | House |
| 35:08 | Construir | House |
| 35:24 | Crear | Spearman ×3 |
| 35:24 | Crear | Spearman ×3 |
| 36:57 | Construir | Archery Range |
| 36:58 | Construir | Archery Range |
| 37:01 | Construir | Archery Range |
| 37:02 | Construir | Archery Range |
| 37:05 | Construir | Archery Range |
| 37:07 | Construir | Archery Range |
| 37:08 | Construir | Archery Range |
Build order — Pichichi_DS
Primeras 150 de 461 acciones detectadas
| 0:02 | Crear | Villager (Male) |
| 0:02 | Crear | Villager (Male) |
| 0:02 | Crear | Villager (Male) |
| 0:02 | Crear | Villager (Male) |
| 0:03 | Crear | Villager (Male) |
| 0:04 | Construir | House |
| 0:05 | Construir | House |
| 1:33 | Crear | Villager (Male) |
| 1:45 | Construir | Lumber Camp |
| 2:04 | Crear | Villager (Male) |
| 2:04 | Crear | Villager (Male) |
| 2:22 | Crear | Villager (Male) |
| 2:57 | Crear | Villager (Male) |
| 3:11 | Crear | Villager (Male) |
| 3:44 | Crear | Villager (Male) |
| 3:54 | Construir | House |
| 4:01 | Crear | Villager (Male) |
| 4:02 | Crear | Villager (Male) |
| 4:20 | Construir | Mill |
| 4:33 | Construir | Palisade Wall |
| 4:36 | Crear | Villager (Male) |
| 4:36 | Crear | Villager (Male) |
| 4:36 | Crear | Villager (Male) |
| 5:22 | Construir | Palisade Wall |
| 5:23 | Construir | House |
| 5:32 | Crear | Villager (Male) |
| 5:32 | Crear | Villager (Male) |
| 6:19 | Crear | Villager (Male) |
| 6:44 | Crear | Villager (Male) |
| 7:02 | Construir | Palisade Wall |
| 7:14 | Investigar | Loom |
| 7:32 | Construir | Palisade Wall |
| 7:45 | Investigar | Feudal Age |
| 8:14 | Construir | Lumber Camp |
| 8:26 | Construir | Palisade Wall |
| 8:57 | Construir | Palisade Wall |
| 9:10 | Construir | Palisade Wall |
| 9:30 | Construir | Palisade Wall |
| 9:51 | Construir | Palisade Wall |
| 9:55 | Edad | Edad Feudal |
| 9:58 | Crear | Villager (Male) |
| 9:58 | Crear | Villager (Male) |
| 10:07 | Construir | House |
| 10:31 | Crear | Villager (Male) |
| 10:48 | Construir | Mining Camp |
| 10:51 | Construir | Farm |
| 10:54 | Construir | Farm |
| 11:01 | Construir | Farm |
| 11:08 | Construir | Farm |
| 11:09 | Construir | Farm |
| 11:10 | Crear | Villager (Male) |
| 11:47 | Crear | Villager (Male) |
| 11:53 | Construir | Blacksmith |
| 11:56 | Crear | Villager (Male) |
| 12:29 | Construir | Market |
| 12:36 | Construir | Market |
| 12:41 | Crear | Villager (Male) |
| 12:45 | Construir | Farm |
| 12:55 | Construir | Farm |
| 13:00 | Crear | Villager (Male) |
| 13:27 | Construir | Farm |
| 13:31 | Crear | Villager (Male) |
| 13:54 | Investigar | Castle Age |
| 14:26 | Construir | Barracks |
| 14:27 | Crear | Villager (Male) |
| 14:54 | Investigar | Scale Barding Armor |
| 15:10 | Construir | House |
| 15:18 | Investigar | Double-Bit Axe |
| 15:21 | Construir | Stable |
| 15:52 | Crear | Villager (Male) |
| 16:17 | Construir | Stable |
| 16:36 | Edad | Edad de los Castillos |
| 16:40 | Crear | Knight |
| 16:52 | Construir | Farm |
| 16:53 | Construir | Farm |
| 16:59 | Construir | Farm |
| 17:01 | Investigar | Bloodlines |
| 17:02 | Crear | Villager (Male) |
| 17:21 | Construir | Farm |
| 17:24 | Construir | Farm |
| 17:28 | Crear | Knight |
| 17:46 | Construir | Farm |
| 17:49 | Crear | Knight |
| 17:53 | Construir | Farm |
| 18:01 | Crear | Villager (Male) |
| 18:05 | Construir | House |
| 18:13 | Construir | Farm |
| 18:14 | Construir | Farm |
| 18:19 | Construir | Farm |
| 18:21 | Crear | Knight |
| 18:21 | Crear | Knight |
| 18:42 | Crear | Knight |
| 18:59 | Construir | Palisade Gate |
| 19:01 | Crear | Knight ×2 |
| 19:09 | Crear | Knight |
| 19:18 | Crear | Villager (Male) |
| 19:18 | Crear | Villager (Male) |
| 19:22 | Construir | House |
| 19:26 | Construir | House |
| 19:45 | Crear | Villager (Male) |
| 19:51 | Investigar | Chain Barding Armor |
| 20:04 | Construir | Mining Camp |
| 20:07 | Crear | Knight |
| 20:07 | Crear | Knight |
| 20:14 | Crear | Villager (Male) |
| 20:21 | Construir | Stone Wall |
| 20:23 | Construir | Stone Wall |
| 20:33 | Crear | Villager (Male) |
| 20:59 | Crear | Villager (Male) |
| 21:05 | Crear | Villager (Male) |
| 21:26 | Crear | Villager (Male) |
| 21:27 | Crear | Villager (Male) |
| 21:41 | Crear | Villager (Male) |
| 21:48 | Construir | Siege Workshop |
| 21:50 | Crear | Villager (Male) |
| 21:51 | Crear | Knight |
| 21:57 | Crear | Villager (Male) |
| 22:13 | Crear | Villager (Male) |
| 22:26 | Crear | Knight |
| 22:39 | Crear | Villager (Male) |
| 22:51 | Construir | House |
| 22:57 | Investigar | Forging |
| 23:08 | Crear | Villager (Male) |
| 23:11 | Construir | House |
| 23:23 | Crear | Knight ×2 |
| 23:30 | Construir | House |
| 23:33 | Crear | Villager (Male) |
| 23:33 | Crear | Villager (Male) |
| 23:54 | Investigar | Iron Casting |
| 24:00 | Crear | Villager (Male) |
| 24:10 | Construir | House |
| 24:14 | Crear | Villager (Male) |
| 24:18 | Crear | Knight |
| 24:20 | Crear | Villager (Male) |
| 24:36 | Construir | Stone Wall |
| 24:37 | Crear | Villager (Male) |
| 24:44 | Construir | House |
| 25:01 | Construir | Stone Wall |
| 25:17 | Crear | Villager (Male) |
| 25:18 | Crear | Villager (Male) |
| 25:30 | Construir | Barracks |
| 25:34 | Crear | Knight ×3 |
| 25:34 | Crear | Knight ×3 |
| 25:38 | Crear | Villager (Male) |
| 25:45 | Crear | Villager (Male) |
| 25:59 | Crear | Villager (Male) |
| 26:09 | Construir | Monastery |
| 26:21 | Investigar | Pikeman (upgrade) |
| 26:22 | Crear | Villager (Male) |
| 26:26 | Crear | Villager (Male) |
Build order — BDD || Q
Primeras 150 de 416 acciones detectadas
| 0:01 | Crear | Villager (Male) |
| 0:02 | Crear | Villager (Male) |
| 0:03 | Construir | House |
| 0:04 | Construir | House |
| 0:17 | Crear | Villager (Male) |
| 0:27 | Crear | Villager (Male) |
| 1:31 | Crear | Villager (Male) |
| 1:48 | Construir | Lumber Camp |
| 2:05 | Crear | Villager (Male) |
| 2:05 | Crear | Villager (Male) |
| 2:18 | Crear | Villager (Male) |
| 2:57 | Crear | Villager (Male) |
| 3:13 | Construir | House |
| 3:14 | Construir | House |
| 3:24 | Crear | Villager (Male) |
| 3:54 | Crear | Villager (Male) |
| 3:55 | Crear | Villager (Male) |
| 4:06 | Construir | House |
| 4:37 | Construir | Palisade Wall |
| 4:42 | Crear | Villager (Male) |
| 4:56 | Construir | Mill |
| 5:06 | Crear | Villager (Male) |
| 5:06 | Crear | Villager (Male) |
| 5:24 | Crear | Villager (Male) |
| 5:31 | Construir | Palisade Wall |
| 5:32 | Construir | Palisade Wall |
| 6:00 | Crear | Villager (Male) |
| 6:26 | Construir | Palisade Wall |
| 6:42 | Crear | Villager (Male) |
| 6:43 | Crear | Villager (Male) |
| 7:00 | Crear | Villager (Male) |
| 7:17 | Crear | Villager (Male) |
| 7:23 | Construir | Mining Camp |
| 7:35 | Construir | Palisade Wall |
| 7:57 | Crear | Villager (Male) |
| 8:34 | Construir | Mining Camp |
| 8:42 | Investigar | Feudal Age |
| 9:55 | Crear | Villager (Male) |
| 9:56 | Crear | Villager (Male) |
| 11:04 | Edad | Edad Feudal |
| 11:08 | Construir | Market |
| 11:12 | Construir | Blacksmith |
| 12:01 | Construir | House |
| 12:07 | Investigar | Castle Age |
| 12:07 | Investigar | Castle Age |
| 12:07 | Investigar | Castle Age |
| 12:31 | Construir | House |
| 12:39 | Construir | Palisade Wall |
| 12:55 | Investigar | Double-Bit Axe |
| 13:12 | Investigar | Horse Collar |
| 14:02 | Crear | Villager (Male) |
| 14:04 | Construir | Farm |
| 14:08 | Construir | Farm |
| 14:10 | Construir | Farm |
| 14:12 | Construir | Farm |
| 14:17 | Construir | Farm |
| 14:19 | Construir | Farm |
| 14:32 | Crear | Villager (Male) |
| 14:47 | Edad | Edad de los Castillos |
| 15:00 | Investigar | Loom |
| 15:17 | Crear | Villager (Male) |
| 15:18 | Crear | Villager (Male) |
| 16:25 | Crear | Villager (Male) |
| 16:38 | Investigar | Fletching |
| 16:41 | Crear | Villager (Male) |
| 16:56 | Construir | Castle |
| 17:00 | Construir | House |
| 17:03 | Construir | Palisade Wall |
| 17:12 | Crear | Villager (Male) |
| 17:28 | Construir | Farm |
| 17:31 | Construir | Farm |
| 17:35 | Construir | Farm |
| 17:36 | Construir | Farm |
| 17:38 | Construir | Farm |
| 17:41 | Construir | Farm |
| 17:43 | Crear | Villager (Male) |
| 17:55 | Crear | Rattan Archer |
| 17:56 | Crear | Rattan Archer |
| 17:56 | Crear | Villager (Male) |
| 18:07 | Crear | Villager (Male) |
| 18:10 | Construir | Farm |
| 18:12 | Construir | Farm |
| 18:15 | Construir | Farm |
| 18:20 | Crear | Rattan Archer |
| 18:20 | Crear | Rattan Archer |
| 18:22 | Construir | Mining Camp |
| 18:25 | Crear | Villager (Male) |
| 18:35 | Crear | Villager (Male) |
| 18:39 | Crear | Villager (Male) |
| 18:40 | Crear | Villager (Male) |
| 18:56 | Crear | Rattan Archer |
| 18:56 | Crear | Rattan Archer |
| 19:04 | Investigar | Bodkin Arrow |
| 19:05 | Crear | Villager (Male) |
| 19:19 | Crear | Villager (Male) |
| 19:35 | Crear | Villager (Male) |
| 19:52 | Crear | Villager (Male) |
| 19:53 | Crear | Villager (Male) |
| 20:03 | Investigar | Bow Saw |
| 20:03 | Crear | Villager (Male) |
| 20:08 | Crear | Rattan Archer |
| 20:08 | Crear | Rattan Archer |
| 20:08 | Crear | Rattan Archer |
| 20:21 | Crear | Villager (Male) |
| 20:36 | Crear | Villager (Male) |
| 21:03 | Investigar | Wheelbarrow |
| 21:03 | Investigar | Wheelbarrow |
| 21:06 | Crear | Villager (Male) |
| 21:08 | Crear | Rattan Archer |
| 21:08 | Crear | Rattan Archer |
| 21:08 | Crear | Rattan Archer |
| 21:08 | Crear | Rattan Archer |
| 21:31 | Crear | Villager (Male) |
| 21:33 | Crear | Villager (Male) |
| 21:35 | Crear | Rattan Archer |
| 21:35 | Crear | Rattan Archer |
| 21:46 | Investigar | Padded Archer Armor |
| 21:46 | Investigar | Padded Archer Armor |
| 21:48 | Crear | Villager (Male) |
| 22:26 | Crear | Villager (Male) |
| 22:30 | Construir | Farm |
| 22:34 | Construir | Farm |
| 22:35 | Construir | Farm |
| 22:46 | Crear | Villager (Male) |
| 22:57 | Construir | Farm |
| 23:01 | Construir | Farm |
| 23:33 | Crear | Villager (Male) |
| 23:58 | Crear | Villager (Male) |
| 24:20 | Crear | Villager (Male) |
| 25:08 | Investigar | Imperial Age |
| 25:19 | Construir | Castle |
| 25:21 | Construir | Mining Camp |
| 25:34 | Construir | Siege Workshop |
| 25:37 | Crear | Villager (Male) |
| 25:58 | Crear | Villager (Male) |
| 26:07 | Construir | Stone Wall |
| 26:13 | Construir | Stone Wall |
| 26:14 | Crear | Villager (Male) |
| 26:27 | Crear | Villager (Male) |
| 26:43 | Construir | Stone Wall |
| 26:46 | Construir | Stone Wall |
| 26:49 | Construir | Stone Wall |
| 26:50 | Crear | Villager (Male) |
| 26:56 | Construir | Stone Wall |
| 26:59 | Crear | Villager (Male) |
| 27:04 | Construir | Stone Wall |
| 27:12 | Construir | Stone Wall |
| 27:13 | Crear | Villager (Male) |
| 27:17 | Crear | Mangonel |
| 27:23 | Crear | Villager (Male) |
Build order — KnightMagno
Primeras 150 de 606 acciones detectadas
| 0:00 | Crear | Villager (Male) |
| 0:00 | Crear | Villager (Male) |
| 0:02 | Construir | House |
| 0:03 | Construir | House |
| 0:17 | Crear | Villager (Male) |
| 0:18 | Crear | Villager (Male) |
| 1:36 | Crear | Villager (Male) |
| 1:49 | Construir | Lumber Camp |
| 2:02 | Crear | Villager (Male) |
| 2:03 | Crear | Villager (Male) |
| 2:20 | Crear | Villager (Male) |
| 2:50 | Crear | Villager (Male) |
| 3:10 | Crear | Villager (Male) |
| 3:39 | Construir | House |
| 3:40 | Construir | House |
| 3:44 | Crear | Villager (Male) |
| 4:10 | Crear | Villager (Male) |
| 4:10 | Crear | Villager (Male) |
| 4:42 | Construir | House |
| 4:58 | Crear | Villager (Male) |
| 4:58 | Crear | Villager (Male) |
| 4:59 | Crear | Villager (Male) |
| 5:12 | Construir | House |
| 5:45 | Construir | House |
| 5:57 | Construir | Mill |
| 5:59 | Crear | Villager (Male) |
| 6:13 | Construir | House |
| 6:26 | Crear | Villager (Male) |
| 6:34 | Crear | Villager (Male) |
| 7:08 | Construir | House |
| 7:17 | Crear | Villager (Male) |
| 7:46 | Crear | Villager (Male) |
| 7:53 | Construir | Lumber Camp |
| 7:55 | Construir | House |
| 8:13 | Crear | Villager (Male) |
| 8:27 | Construir | House |
| 8:47 | Investigar | Feudal Age |
| 9:03 | Construir | Barracks |
| 9:36 | Construir | Mining Camp |
| 10:02 | Construir | House |
| 10:13 | Construir | Palisade Gate |
| 10:15 | Construir | House |
| 10:25 | Crear | Villager (Male) |
| 10:27 | Investigar | Double-Bit Axe |
| 10:52 | Crear | Villager (Male) |
| 10:57 | Edad | Edad Feudal |
| 10:58 | Investigar | Bow Saw |
| 11:13 | Construir | Stable |
| 11:52 | Crear | Villager (Male) |
| 11:56 | Crear | Villager (Male) |
| 12:29 | Construir | Blacksmith |
| 12:30 | Crear | Villager (Male) |
| 12:35 | Construir | Farm |
| 12:36 | Construir | Farm |
| 12:56 | Construir | Farm |
| 13:00 | Construir | Market |
| 13:03 | Crear | Villager (Male) |
| 13:11 | Crear | Scout Cavalry |
| 13:37 | Crear | Villager (Male) |
| 13:42 | Construir | Farm |
| 13:46 | Construir | Farm |
| 14:02 | Crear | Villager (Male) |
| 14:08 | Construir | Farm |
| 14:11 | Construir | Farm |
| 14:14 | Construir | Farm |
| 14:20 | Construir | Farm |
| 14:29 | Construir | Farm |
| 14:32 | Construir | Farm |
| 14:34 | Crear | Villager (Male) |
| 14:35 | Construir | Farm |
| 14:52 | Crear | Villager (Male) |
| 14:59 | Construir | Farm |
| 15:12 | Construir | Farm |
| 15:17 | Construir | Farm |
| 15:20 | Construir | Farm |
| 15:26 | Crear | Villager (Male) |
| 15:50 | Crear | Villager (Male) |
| 16:12 | Construir | Farm |
| 16:16 | Construir | Farm |
| 16:20 | Crear | Villager (Male) |
| 16:26 | Construir | Farm |
| 16:40 | Investigar | Castle Age |
| 16:46 | Investigar | Horse Collar |
| 18:08 | Investigar | Heavy Plow |
| 18:10 | Investigar | Stone Mining |
| 18:12 | Investigar | Gold Mining |
| 18:21 | Investigar | Scale Barding Armor |
| 19:19 | Construir | Stable |
| 19:20 | Construir | Stable |
| 19:25 | Edad | Edad de los Castillos |
| 19:27 | Crear | Villager (Male) |
| 19:27 | Crear | Villager (Male) |
| 19:29 | Construir | Town Center |
| 19:34 | Construir | Town Center |
| 19:41 | Investigar | Two-Man Saw |
| 19:47 | Investigar | Chain Barding Armor |
| 20:17 | Investigar | Cavalier (upgrade) |
| 20:21 | Investigar | Husbandry |
| 20:34 | Crear | Villager (Male) |
| 20:56 | Crear | Villager (Male) |
| 21:02 | Crear | Villager (Male) |
| 21:19 | Crear | Villager (Male) |
| 21:19 | Crear | Villager (Male) |
| 21:25 | Construir | Farm |
| 21:31 | Construir | Farm |
| 21:32 | Construir | Farm |
| 21:34 | Construir | Farm |
| 21:42 | Construir | Lumber Camp |
| 21:54 | Construir | Town Center |
| 22:04 | Crear | Villager (Male) |
| 22:04 | Crear | Villager (Male) |
| 22:05 | Crear | Knight |
| 22:06 | Crear | Knight |
| 22:07 | Crear | Knight |
| 22:29 | Investigar | Loom |
| 22:32 | Crear | Knight |
| 22:32 | Crear | Knight |
| 22:32 | Crear | Knight |
| 22:33 | Crear | Villager (Male) |
| 22:33 | Crear | Villager (Male) |
| 22:37 | Construir | Farm |
| 22:47 | Investigar | Forging |
| 22:47 | Investigar | Forging |
| 23:05 | Crear | Villager (Male) |
| 23:26 | Crear | Knight |
| 23:26 | Crear | Knight |
| 23:27 | Crear | Knight |
| 23:30 | Crear | Villager (Male) |
| 23:36 | Construir | Farm |
| 23:40 | Construir | Farm |
| 23:42 | Construir | Farm |
| 23:57 | Crear | Villager (Male) |
| 23:57 | Crear | Villager (Male) |
| 24:11 | Crear | Knight |
| 24:11 | Crear | Knight |
| 24:11 | Crear | Knight |
| 24:14 | Crear | Villager (Male) |
| 24:21 | Construir | Farm |
| 24:22 | Construir | Farm |
| 24:23 | Construir | Farm |
| 24:27 | Crear | Villager (Male) |
| 24:27 | Crear | Villager (Male) |
| 24:28 | Crear | Villager (Male) |
| 24:51 | Investigar | Town Watch |
| 24:52 | Crear | Villager (Male) |
| 24:52 | Crear | Villager (Male) |
| 24:53 | Crear | Villager (Male) |
| 24:58 | Construir | Farm |
| 25:01 | Construir | Farm |
| 25:03 | Construir | Farm |
Build order — BDD || J
Primeras 150 de 903 acciones detectadas
| 0:01 | Crear | Villager (Male) |
| 0:03 | Construir | House |
| 0:04 | Construir | House |
| 0:05 | Crear | Villager (Male) |
| 0:11 | Crear | Villager (Male) |
| 0:11 | Crear | Villager (Male) |
| 0:11 | Crear | Villager (Male) |
| 0:11 | Crear | Villager (Male) |
| 1:26 | Crear | Villager (Male) |
| 1:26 | Crear | Villager (Male) |
| 1:49 | Construir | Lumber Camp |
| 2:05 | Crear | Villager (Male) |
| 2:05 | Crear | Villager (Male) |
| 2:18 | Crear | Villager (Male) |
| 2:18 | Crear | Villager (Male) |
| 2:58 | Crear | Villager (Male) |
| 2:58 | Crear | Villager (Male) |
| 2:58 | Crear | Villager (Male) |
| 3:19 | Crear | Villager (Male) |
| 3:19 | Crear | Villager (Male) |
| 3:20 | Crear | Villager (Male) |
| 3:47 | Crear | Villager (Male) |
| 3:47 | Crear | Villager (Male) |
| 3:47 | Crear | Villager (Male) |
| 3:56 | Crear | Villager (Male) |
| 3:56 | Crear | Villager (Male) |
| 3:56 | Crear | Villager (Male) |
| 3:59 | Construir | House |
| 4:00 | Construir | House |
| 4:19 | Construir | Mill |
| 4:22 | Crear | Villager (Male) |
| 4:22 | Crear | Villager (Male) |
| 4:23 | Crear | Villager (Male) |
| 5:01 | Crear | Villager (Male) |
| 5:01 | Crear | Villager (Male) |
| 5:01 | Crear | Villager (Male) |
| 5:07 | Construir | Palisade Wall |
| 5:07 | Crear | Villager (Male) |
| 5:07 | Crear | Villager (Male) |
| 5:08 | Crear | Villager (Male) |
| 5:19 | Crear | Villager (Male) |
| 5:19 | Crear | Villager (Male) |
| 6:00 | Crear | Villager (Male) |
| 6:00 | Crear | Villager (Male) |
| 6:00 | Crear | Villager (Male) |
| 6:05 | Crear | Villager (Male) |
| 6:06 | Crear | Villager (Male) |
| 6:25 | Crear | Villager (Male) |
| 6:25 | Crear | Villager (Male) |
| 6:26 | Crear | Villager (Male) |
| 6:41 | Investigar | Loom |
| 6:49 | Crear | Villager (Male) |
| 7:23 | Investigar | Feudal Age |
| 7:23 | Investigar | Feudal Age |
| 8:11 | Construir | Palisade Wall |
| 9:19 | Crear | Villager (Male) |
| 9:19 | Crear | Villager (Male) |
| 9:33 | Edad | Edad Feudal |
| 9:36 | Construir | Town Center |
| 9:39 | Investigar | Double-Bit Axe |
| 9:40 | Investigar | Horse Collar |
| 10:21 | Crear | Villager (Male) |
| 10:37 | Crear | Villager (Male) |
| 10:54 | Construir | Palisade Wall |
| 10:58 | Construir | House |
| 10:59 | Construir | House |
| 11:06 | Crear | Villager (Male) |
| 11:31 | Crear | Villager (Male) |
| 11:33 | Crear | Villager (Male) |
| 11:33 | Crear | Villager (Male) |
| 11:45 | Construir | House |
| 11:46 | Construir | House |
| 11:56 | Construir | Farm |
| 11:57 | Construir | Farm |
| 11:59 | Construir | Farm |
| 12:04 | Crear | Villager (Male) |
| 12:04 | Crear | Villager (Male) |
| 12:10 | Crear | Villager (Male) |
| 12:10 | Crear | Villager (Male) |
| 12:24 | Construir | House |
| 12:25 | Construir | House |
| 12:28 | Construir | Farm |
| 12:32 | Crear | Villager (Male) |
| 12:32 | Crear | Villager (Male) |
| 12:34 | Construir | Farm |
| 12:48 | Construir | Barracks |
| 12:56 | Crear | Villager (Male) |
| 12:56 | Crear | Villager (Male) |
| 13:05 | Construir | Farm |
| 13:07 | Crear | Villager (Male) |
| 13:07 | Crear | Villager (Male) |
| 13:20 | Construir | Palisade Gate |
| 13:26 | Construir | Farm |
| 13:28 | Construir | Farm |
| 13:28 | Crear | Villager (Male) |
| 13:47 | Crear | Villager (Male) |
| 13:47 | Crear | Villager (Male) |
| 13:47 | Crear | Villager (Male) |
| 14:07 | Crear | Villager (Male) |
| 14:07 | Crear | Villager (Male) |
| 14:29 | Construir | Farm |
| 14:30 | Construir | Farm |
| 14:30 | Construir | Farm |
| 14:30 | Construir | Farm |
| 14:32 | Construir | Farm |
| 14:33 | Crear | Villager (Male) |
| 14:48 | Construir | Farm |
| 14:49 | Construir | Farm |
| 14:54 | Crear | Villager (Male) |
| 15:11 | Crear | Villager (Male) |
| 15:11 | Crear | Villager (Male) |
| 15:16 | Construir | Mining Camp |
| 15:34 | Construir | Blacksmith |
| 15:55 | Construir | Lumber Camp |
| 16:04 | Construir | Farm |
| 16:24 | Crear | Villager (Male) |
| 16:24 | Crear | Villager (Male) |
| 16:32 | Construir | Stable |
| 16:36 | Crear | Villager (Male) |
| 16:36 | Crear | Villager (Male) |
| 16:46 | Construir | Lumber Camp |
| 16:56 | Construir | Farm |
| 17:11 | Construir | Farm |
| 17:19 | Construir | Farm |
| 17:22 | Construir | Farm |
| 17:32 | Construir | Farm |
| 17:43 | Construir | Farm |
| 17:52 | Construir | Farm |
| 18:08 | Crear | Villager (Male) |
| 18:11 | Investigar | Castle Age |
| 18:12 | Investigar | Castle Age |
| 18:12 | Investigar | Castle Age |
| 18:18 | Crear | Villager (Male) |
| 18:18 | Crear | Villager (Male) |
| 18:23 | Construir | Stable |
| 18:31 | Construir | House |
| 18:32 | Construir | House |
| 18:34 | Crear | Villager (Male) |
| 18:34 | Crear | Villager (Male) |
| 18:37 | Construir | Lumber Camp |
| 18:46 | Construir | Farm |
| 18:52 | Investigar | Gold Mining |
| 19:29 | Investigar | Bloodlines |
| 19:29 | Investigar | Bloodlines |
| 19:31 | Crear | Villager (Male) |
| 19:31 | Crear | Villager (Male) |
| 19:43 | Construir | Palisade Gate |
| 19:52 | Construir | House |
| 19:53 | Construir | House |
| 19:54 | Construir | House |
Build order — Maximo
Primeras 150 de 525 acciones detectadas
| 0:00 | Investigar | Loom |
| 0:00 | Investigar | Loom |
| 0:02 | Construir | House |
| 0:06 | Construir | House |
| 0:12 | Crear | Villager (Male) |
| 0:13 | Crear | Villager (Male) |
| 0:13 | Crear | Villager (Male) |
| 1:24 | Crear | Villager (Male) |
| 1:52 | Construir | Lumber Camp |
| 2:07 | Crear | Villager (Male) |
| 2:07 | Crear | Villager (Male) |
| 2:18 | Crear | Villager (Male) |
| 2:18 | Crear | Villager (Male) |
| 2:37 | Crear | Villager (Male) |
| 2:37 | Crear | Villager (Male) |
| 3:12 | Crear | Villager (Male) |
| 3:12 | Crear | Villager (Male) |
| 4:05 | Construir | Mill |
| 4:07 | Crear | Villager (Male) |
| 4:07 | Crear | Villager (Male) |
| 4:07 | Crear | Villager (Male) |
| 4:07 | Crear | Villager (Male) |
| 4:38 | Construir | House |
| 5:06 | Crear | Villager (Male) |
| 5:09 | Construir | House |
| 5:37 | Crear | Villager (Male) |
| 5:37 | Crear | Villager (Male) |
| 5:55 | Construir | House |
| 5:59 | Crear | Villager (Male) |
| 6:40 | Crear | Villager (Male) |
| 6:40 | Crear | Villager (Male) |
| 6:52 | Crear | Villager (Male) |
| 7:11 | Crear | Villager (Male) |
| 7:18 | Construir | House |
| 8:31 | Crear | Villager (Male) |
| 9:15 | Investigar | Feudal Age |
| 9:18 | Crear | Villager (Male) |
| 9:33 | Construir | Mining Camp |
| 10:11 | Crear | Villager (Male) |
| 11:07 | Construir | Palisade Wall |
| 11:25 | Edad | Edad Feudal |
| 11:32 | Construir | Market |
| 11:41 | Construir | Blacksmith |
| 12:25 | Crear | Villager (Male) |
| 12:39 | Investigar | Castle Age |
| 12:47 | Construir | Mining Camp |
| 14:11 | Investigar | Double-Bit Axe |
| 14:12 | Investigar | Double-Bit Axe |
| 14:19 | Investigar | Horse Collar |
| 14:19 | Investigar | Horse Collar |
| 15:30 | Edad | Edad de los Castillos |
| 15:32 | Crear | Villager (Male) |
| 15:39 | Construir | Town Center |
| 15:44 | Construir | Palisade Wall |
| 16:15 | Construir | Town Center |
| 16:17 | Crear | Villager (Male) |
| 16:33 | Investigar | Bow Saw |
| 16:33 | Investigar | Bow Saw |
| 16:34 | Crear | Villager (Male) |
| 16:34 | Crear | Villager (Male) |
| 16:49 | Crear | Villager (Male) |
| 16:55 | Construir | Farm |
| 17:10 | Construir | Farm |
| 17:47 | Construir | Mining Camp |
| 18:01 | Crear | Villager (Male) |
| 18:01 | Crear | Villager (Male) |
| 18:14 | Construir | Lumber Camp |
| 18:36 | Construir | Farm |
| 18:54 | Crear | Villager (Male) |
| 19:21 | Construir | Farm |
| 20:30 | Construir | Castle |
| 20:57 | Crear | Villager (Male) |
| 21:25 | Crear | Plumed Archer |
| 21:28 | Construir | Farm |
| 21:29 | Construir | Farm |
| 21:30 | Construir | Farm |
| 21:30 | Construir | Farm |
| 21:50 | Construir | Farm |
| 21:52 | Crear | Plumed Archer |
| 22:03 | Construir | Farm |
| 22:04 | Construir | Mill |
| 22:05 | Construir | Farm |
| 22:06 | Construir | Farm |
| 22:07 | Crear | Villager (Male) |
| 22:08 | Crear | Villager (Male) |
| 22:30 | Crear | Plumed Archer |
| 22:31 | Crear | Plumed Archer |
| 22:31 | Crear | Villager (Male) |
| 22:32 | Crear | Villager (Male) |
| 22:38 | Construir | Farm |
| 23:04 | Crear | Plumed Archer |
| 23:04 | Crear | Plumed Archer |
| 23:04 | Crear | Plumed Archer |
| 23:11 | Crear | Villager (Male) |
| 23:11 | Crear | Villager (Male) |
| 23:12 | Crear | Villager (Male) |
| 23:18 | Crear | Plumed Archer |
| 23:19 | Crear | Plumed Archer |
| 24:06 | Investigar | Fletching |
| 24:06 | Investigar | Fletching |
| 24:14 | Crear | Villager (Male) |
| 25:01 | Crear | Villager (Male) |
| 25:02 | Crear | Villager (Male) |
| 25:02 | Crear | Villager (Male) |
| 25:20 | Construir | Siege Workshop |
| 26:22 | Construir | Farm |
| 26:52 | Crear | Villager (Male) |
| 26:53 | Crear | Villager (Male) |
| 26:53 | Crear | Villager (Male) |
| 27:12 | Construir | Town Center |
| 27:27 | Crear | Villager (Male) |
| 27:27 | Crear | Villager (Male) |
| 28:01 | Crear | Villager (Male) |
| 28:18 | Construir | Farm |
| 28:19 | Construir | Farm |
| 29:16 | Crear | Villager (Male) |
| 29:16 | Crear | Villager (Male) |
| 29:16 | Crear | Villager (Male) |
| 29:17 | Crear | Villager (Male) |
| 29:17 | Crear | Villager (Male) |
| 30:12 | Crear | Villager (Male) |
| 30:12 | Crear | Villager (Male) |
| 30:43 | Crear | Villager (Male) |
| 30:43 | Crear | Villager (Male) |
| 30:44 | Crear | Villager (Male) |
| 31:15 | Construir | Farm |
| 31:16 | Construir | Farm |
| 31:24 | Construir | Farm |
| 32:06 | Crear | Plumed Archer |
| 32:06 | Crear | Plumed Archer |
| 32:37 | Crear | Villager (Male) |
| 32:37 | Crear | Villager (Male) |
| 32:38 | Crear | Villager (Male) |
| 32:40 | Construir | Farm |
| 32:42 | Construir | Farm |
| 32:42 | Construir | Farm |
| 32:43 | Construir | Farm |
| 33:21 | Crear | Villager (Male) |
| 33:22 | Crear | Villager (Male) |
| 34:02 | Crear | Villager (Male) |
| 34:02 | Crear | Villager (Male) |
| 34:04 | Construir | Farm |
| 34:06 | Construir | Farm |
| 34:23 | Crear | Villager (Male) |
| 34:23 | Crear | Villager (Male) |
| 34:56 | Crear | Villager (Male) |
| 35:24 | Crear | Villager (Male) |
| 35:25 | Crear | Villager (Male) |
| 35:25 | Crear | Villager (Male) |
| 36:12 | Crear | Villager (Male) |
Cronología de la partida
| 4:33 | Pichichi_DS · wall_segment Palisade Wall x5 |
| 4:37 | BDD || Q · wall_segment Palisade Wall x6 |
| 4:41 | BDD || MV · wall_segment Palisade Wall x13 |
| 5:07 | BDD || J · wall_segment Palisade Wall x5 |
| 5:22 | Pichichi_DS · wall_segment Palisade Wall x6 |
| 5:31 | BDD || Q · wall_segment Palisade Wall x4 |
| 5:32 | BDD || Q · wall_segment Palisade Wall x1 |
| 6:26 | BDD || Q · wall_segment Palisade Wall x6 |
| 7:02 | Pichichi_DS · wall_segment Palisade Wall x2 |
| 7:32 | Pichichi_DS · wall_segment Palisade Wall x4 |
| 7:35 | BDD || Q · wall_segment Palisade Wall x6 |
| 8:00 | BDD || MV · wall_segment Palisade Wall x14 |
| 8:11 | BDD || J · wall_segment Palisade Wall x17 |
| 8:26 | Pichichi_DS · wall_segment Palisade Wall x2 |
| 8:57 | Pichichi_DS · wall_segment Palisade Wall x1 |
| 9:03 | KnightMagno · first_building Barracks |
| 9:10 | Pichichi_DS · wall_segment Palisade Wall x2 |
| 9:30 | Pichichi_DS · wall_segment Palisade Wall x3 |
| 9:33 | BDD || J · age_up feudal |
| 9:51 | Pichichi_DS · wall_segment Palisade Wall x1 |
| 9:55 | Pichichi_DS · age_up feudal |
| 10:19 | BDD || MV · wall_segment Palisade Wall x15 |
| 10:19 | BDD || MV · wall_segment Palisade Wall x1 |
| 10:54 | BDD || J · wall_segment Palisade Wall x1 |
| 10:57 | KnightMagno · age_up feudal |
| 11:04 | BDD || Q · age_up feudal |
| 11:07 | Maximo · wall_segment Palisade Wall x36 |
| 11:13 | KnightMagno · first_building Stable |
| 11:13 | BDD || MV · wall_segment Palisade Wall x8 |
| 11:19 | BDD || MV · wall_segment Palisade Wall x13 |
| 11:25 | Maximo · age_up feudal |
| 11:45 | BDD || MV · age_up feudal |
| 12:39 | BDD || Q · wall_segment Palisade Wall x1 |
| 12:48 | BDD || J · first_building Barracks |
| 14:26 | Pichichi_DS · first_building Barracks |
| 14:47 | BDD || Q · age_up castle |
| 15:21 | Pichichi_DS · first_building Stable |
| 15:30 | Maximo · age_up castle |
| 15:44 | Maximo · wall_segment Palisade Wall x6 |
| 16:23 | Maximo · first_market_buy 100 food |
| 16:29 | Maximo · first_market_sell 100 wood |
| 16:32 | BDD || J · first_building Stable |
| 16:36 | Pichichi_DS · age_up castle |
| 16:56 | BDD || Q · first_building Castle |
| 17:03 | BDD || Q · wall_segment Palisade Wall x1 |
| 17:07 | BDD || MV · age_up castle |
| 17:52 | BDD || MV · first_building Castle |
| 19:25 | KnightMagno · age_up castle |
| 19:27 | BDD || MV · first_building Barracks |
| 20:21 | Pichichi_DS · wall_segment Stone Wall x1 |
| 20:23 | Pichichi_DS · wall_segment Stone Wall x1 |
| 20:30 | Maximo · first_building Castle |
| 20:51 | BDD || J · age_up castle |
| 21:48 | Pichichi_DS · first_building Siege Workshop |
| 22:21 | BDD || MV · wall_segment Palisade Wall x1 |
| 22:40 | BDD || Q · first_market_sell 100 stone |
| 24:36 | Pichichi_DS · wall_segment Stone Wall x9 |
| 25:01 | Pichichi_DS · wall_segment Stone Wall x1 |
| 25:20 | Maximo · first_building Siege Workshop |
| 25:26 | BDD || MV · wall_segment Stone Wall x21 |
| 25:34 | BDD || Q · first_building Siege Workshop |
| 26:07 | BDD || Q · wall_segment Stone Wall x8 |
| 26:09 | Pichichi_DS · first_building Monastery |
| 26:13 | BDD || Q · wall_segment Stone Wall x13 |
| 26:29 | BDD || MV · wall_segment Stone Wall x3 |
| 26:43 | BDD || Q · wall_segment Stone Wall x1 |
| 26:46 | BDD || Q · wall_segment Stone Wall x1 |
| 26:49 | BDD || Q · wall_segment Stone Wall x1 |
| 26:56 | BDD || Q · wall_segment Stone Wall x1 |
| 27:04 | BDD || Q · wall_segment Stone Wall x4 |
| 27:12 | BDD || Q · wall_segment Stone Wall x8 |
| 27:27 | BDD || Q · wall_segment Stone Wall x1 |
| 27:33 | BDD || Q · wall_segment Stone Wall x3 |
| 28:18 | BDD || Q · age_up imperial |
| 28:19 | BDD || J · first_building Siege Workshop |
| 28:21 | BDD || Q · wall_segment Stone Wall x11 |
| 29:20 | BDD || MV · wall_segment Stone Wall x16 |
| 29:28 | KnightMagno · first_market_buy 100 stone |
| 30:15 | KnightMagno · first_building Siege Workshop |
| 31:30 | KnightMagno · first_building Monastery |
| 32:08 | BDD || MV · first_market_sell 100 wood |
| 32:12 | BDD || MV · first_market_buy 100 food |
| 32:46 | BDD || J · first_building Monastery |
| 33:45 | Pichichi_DS · first_building Castle |
| 34:09 | KnightMagno · first_market_sell 100 food |
| 35:58 | KnightMagno · age_up imperial |
| 36:02 | Pichichi_DS · wall_segment Stone Wall x2 |
| 36:30 | KnightMagno · first_building Castle |
| 36:44 | BDD || Q · first_building Barracks |
| 36:57 | BDD || MV · first_building Archery Range |
| 37:28 | BDD || Q · first_building Archery Range |
| 38:47 | BDD || J · first_market_sell 500 food |
| 38:52 | BDD || J · age_up imperial |
| 39:46 | Pichichi_DS · first_market_sell 500 wood |
| 39:48 | Pichichi_DS · first_market_buy 100 food |
| 42:48 | KnightMagno · wall_segment Stone Wall x1 |
| 43:52 | Pichichi_DS · age_up imperial |
| 46:35 | BDD || Q · wall_segment Stone Wall x4 |
| 49:21 | Pichichi_DS · wall_segment Stone Wall x3 |
| 50:31 | BDD || J · first_building Castle |
| 53:35 | BDD || Q · tribute_sent a jugador 1 |
| 53:35 | BDD || Q · tribute_sent a jugador 3 |
| 53:35 | BDD || Q · tribute_sent a jugador 4 |
| 53:35 | BDD || Q · tribute_sent a jugador 5 |
| 53:35 | BDD || Q · tribute_sent a jugador 6 |
| 54:16 | BDD || Q · tribute_sent a jugador 1 |
| 54:16 | BDD || Q · tribute_sent a jugador 3 |
| 54:16 | BDD || Q · tribute_sent a jugador 4 |
| 54:16 | BDD || Q · tribute_sent a jugador 5 |
| 54:16 | BDD || Q · tribute_sent a jugador 6 |
| 54:17 | Maximo · age_up imperial |
| 55:03 | BDD || Q · tribute_sent a jugador 1 |
| 55:03 | BDD || Q · tribute_sent a jugador 3 |
| 55:03 | BDD || Q · tribute_sent a jugador 4 |
| 55:03 | BDD || Q · tribute_sent a jugador 5 |
| 55:03 | BDD || Q · tribute_sent a jugador 6 |
| 59:09 | BDD || Q · tribute_sent a jugador 1 |
| 59:09 | BDD || Q · tribute_sent a jugador 3 |
| 59:09 | BDD || Q · tribute_sent a jugador 4 |
| 59:09 | BDD || Q · tribute_sent a jugador 5 |
| 59:09 | BDD || Q · tribute_sent a jugador 6 |
| 59:31 | Pichichi_DS · resign |
[ ANÁLISIS IA · 1 CRÉDITO ]
¿Qué pasó realmente en esta partida?
Wolo.gg analiza cada decisión: build order, eco, micro, errores típicos por bracket. Análisis personalizado por WhatsApp o Discord en 30 segundos.
Guía civ
Britanos
Perfil
Jugador #825443